 Dungeon Crawl Stone Soup version 0.22-a0-69-g116c2a8 (webtiles) character file.

2662 KristoblXynda the Chopper (level 9, -2/67 HPs)
             Began as a Red Draconian Gladiator on Jan 11, 2018.
             Was a Follower of Ashenzari.
             Slain by a two-headed ogre
             ... wielding a +0 giant spiked club
              (11 damage)
             ... on level 6 of the Dungeon.
             The game lasted 00:12:26 (7952 turns).

KristoblXynda the Chopper (Red Draconian Gladiator) Turns: 7952, Time: 00:12:27

Health: -2/67      AC:  9    Str: 18    XL:     9   Next: 36%
Magic:  10/10      EV: 15    Int: 11    God:    Ashenzari [*.....]
Gold:   245        SH:  5    Dex: 12    Spells: 8/8 levels left

rFire    + . .     SeeInvis .   a - +0 war axe
rCold    . . .     Gourm    .   j - +0 buckler
rNeg     . . .     Faith    .   (armour unavailable)
rPois    +         Spirit   .   b - +0 hat
rElec    .         Reflect  .   s - +0 cloak {rPois}
rCorr    .         Harm     .   h - +0 pair of gloves
MR       +....                  (no boots)
Stlth    +.........             (no amulet)
HPRegen  0.21/turn              i - ring of protection from magic (curse)
MPRegen  0.12/turn              (no ring)

@: short of breath
A: breathe fire, unfitting armour, fire resistance 1, cold-blooded, AC +7
a: Breathe Fire, Curse Item, Scrying, Renounce Religion


You were on level 6 of the Dungeon.
You worshipped Ashenzari.
Ashenzari was aware of your devotion.
You were not hungry.

You visited 1 branch of the dungeon, and saw 6 of its levels.
You also visited: Sewer.

You collected 245 gold pieces.

Inventory:

Hand Weapons
 a - a +0 war axe (weapon)
Missiles
 c - 3 throwing nets (quivered)
Armour
 b - a +0 hat (worn)
 h - a +0 pair of gloves (worn)
 j - a +0 buckler (worn)
 s - a +0 cloak of poison resistance (worn)
Jewellery
 i - a cursed ring of protection from magic (left hand)
Wands
 z - a wand of random effects (32)
Scrolls
 g - 2 scrolls of fear
 n - 2 scrolls of enchant armour {unknown}
 r - 2 scrolls of blinking {unknown}
 u - a scroll of noise {unknown}
 w - a scroll of magic mapping
 x - 4 scrolls of teleportation
 y - 3 scrolls of enchant weapon {unknown}
 A - 2 scrolls of remove curse
 C - 2 scrolls of amnesia {unknown}
 E - 2 scrolls of identify
Potions
 e - 3 potions of might
 f - a potion of invisibility
 k - a potion of resistance {unknown}
 l - 6 potions of agility
 m - a potion of lignification
 o - 2 potions of mutation {unknown}
 p - 2 potions of heal wounds
 q - 6 potions of curing
 t - a potion of brilliance {unknown}
 v - 2 potions of flight
 B - a potion of degeneration {unknown}
Comestibles
 d - 3 rations


   Skills:
 - Level 2.1 Fighting
 + Level 7.8 Axes
 - Level 5.3 Throwing
 + Level 7.1 Dodging
 - Level 4.5 Shields
 + Level 2.4 Evocations


You had 8 spell levels left.
You didn't know any spells.

Dungeon Overview and Level Annotations

Branches:
Dungeon (6/15)
 Temple: D:4-7

Altars:
Ashenzari
Cheibriados
Okawaru
Trog
Zin

Shops:
D:4 ?   D:5 =


Innate Abilities, Weirdness & Mutations

You can breathe blasts of fire.
Your fiery red scales are hard. (AC +7)
You cannot fit into any form of body armour.
Your flesh is heat resistant. (rF+)
You are cold-blooded and may be slowed by cold attacks.


Message History

You feel somewhat more hungry.
The two-headed ogre is engulfed in blazing flames.
The two-headed ogre completely misses you.
The two-headed ogre hits you with a dire flail.
You barely miss the two-headed ogre.
The two-headed ogre is moderately wounded.
The two-headed ogre is engulfed in blazing flames.
The two-headed ogre hits you with a giant spiked club!!
The two-headed ogre hits you with a dire flail!
Unknown command.
You slash the two-headed ogre!
The two-headed ogre is heavily wounded.
The two-headed ogre is engulfed in blazing flames.
You block the two-headed ogre's attack.
The two-headed ogre hits you with a dire flail!
* * * LOW HITPOINT WARNING * * *
The two-headed ogre is engulfed in blazing flames.
The two-headed ogre barely misses you.
The two-headed ogre hits you with a dire flail!
You die...

#. #.###..#.##...#.
#####.##.###.##.###.##.
..........#..##..#...#.
#...[..#............
#...#.._..###.##.##.
#####..#..###.......
#....#......##.##.
#.#.###.####.#.#..
##@#.###.[.........
##O#..###...........
.########.###.....#.########
.........## ##....>.#
#########.###.#######
##.#.## ##.## ###### #.#
.....# #.#


You could see a two-headed ogre.

Vanquished Creatures
  The ghost of Pawles22 the Ducker, a novice DDMo (D:4)
  Sigmund (D:3)
  A wyvern (D:3)
  Menkaure (D:6)
  A sky beast (D:5)
  2 ice beasts
  The ghost of KristoblXynda the Slasher, an amateur DrGl (D:3)
  2 ogres (D:5)
  2 big kobolds
  A bullfrog (D:6)
  3 scorpions
  4 killer bees (D:5)
  3 wights (D:6)
  A crimson imp (D:6)
  2 hounds (D:4)
  An orc priest (D:6)
  Crazy Yiuf (D:2)
  An orc wizard (D:6)
  An iguana (D:6)
  2 worker ants
  A hound skeleton (D:2)
  10 gnolls
  16 adders
  5 river rats
  4 oozes (D:1)
  5 worms
  2 dart slugs
  4 leopard geckos
  7 orcs (D:6)
  8 giant cockroaches
  14 goblins
  10 hobgoblins
  8 jackals
  4 quokkas
  5 ball pythons
  4 bats
  11 frilled lizards
  25 kobolds
  A leopard gecko zombie (D:5)
  31 rats
  A bush (D:2)
  4 fungi (D:2)
212 creatures vanquished.

Notes
Turn   | Place    | Note
-------+----------+-------------------------------------------
     0 | D:1      | KristoblXynda the Draconian Gladiator began the quest for the Orb.
     0 | D:1      | Reached XP level 1. HP: 17/17 MP: 1/1
     1 | D:1      | Found a runed door.
   156 | D:1      | Reached XP level 2. HP: 17/24 MP: 2/2
   850 | D:1      | Reached XP level 3. HP: 29/29 MP: 3/3
   977 | D:2      | Reached XP level 4. HP: 27/36 MP: 4/4
  2044 | D:2      | Reached XP level 5. HP: 32/41 MP: 5/5
  2263 | D:2      | Found a runed door.
  2268 | D:2      | Noticed Crazy Yiuf
  2273 | D:2      | Killed Crazy Yiuf
  2663 | D:3      | Found a glowing drain.
  2667 | Sewer    | Entered a sewer
  3077 | Sewer    | Reached XP level 6. HP: 43/48 MP: 6/6
  3635 | Sewer    | Reached skill level 5 in Axes
  3886 | D:3      | Noticed KristoblXynda's ghost (amateur DrGl)
  3930 | D:3      | Killed KristoblXynda's ghost
  3930 | D:3      | Your scales start taking on a fiery red colour.
  3930 | D:3      | Reached XP level 7. HP: 33/55 MP: 7/7
  3930 | D:3      | Gained mutation: Your flesh is heat resistant. (rF+) [Red Draconian growth]
  4287 | D:3      | Noticed Sigmund
  4291 | D:3      | Killed Sigmund
  4359 | D:3      | Noticed a wyvern
  4364 | D:3      | Killed a wyvern
  4364 | D:3      | Reached skill level 5 in Dodging
  4364 | D:3      | Reached skill level 1 in Shields
  4732 | D:4      | Found Qeoruipp's Magic Scroll Shoppe.
  4881 | D:4      | Found a bloodstained altar of Trog.
  4882 | D:4      | Noticed Pawles22's ghost (novice DDMo)
  4888 | D:4      | Killed Pawles22's ghost
  4888 | D:4      | Reached skill level 5 in Throwing
  4888 | D:4      | Reached XP level 8. HP: 38/61 MP: 8/8
  4911 | D:4      | Found a snail-covered altar of Cheibriados.
  5193 | D:4      | Found a shattered altar of Ashenzari.
  5227 | D:4      | Became a worshipper of Ashenzari the Shackled
  5708 | D:5      | Entered Level 5 of the Dungeon
  5716 | D:5      | HP: 1/61 [ice beast (14)]
  5946 | D:5      | Found Yscher's Jewellery Boutique.
  6022 | D:5      | Found an iron altar of Okawaru.
  6164 | D:5      | Found a glowing silver altar of Zin.
  6558 | D:5      | Reached * piety under Ashenzari
  7178 | D:5      | Reached XP level 9. HP: 67/67 MP: 9/9
  7428 | D:6      | Reached skill level 1 in Evocations
  7609 | D:6      | Noticed Menkaure
  7614 | D:6      | Killed Menkaure
  7852 | D:6      | Found a shattered altar of Ashenzari.
  7914 | D:6      | Noticed a two-headed ogre
  7952 | D:6      | Slain by a two-headed ogre

Vault maps used:
D:1:      dpeg_arrival_caged_fury, minmay_misc_feat_x, minmay_pentomino_z4
D:2:      first_ration, uniq_crazy_yiuf_cottage
D:3:      gup_sewer_entry_spiral, uniq_sigmund
D:4:      grunt_temple_overflow_open, serial_shops, nicolae_shop_trees,
          bloody_trog
D:5:      zin_statuary, serial_shops, nicolae_shop_stone, okawaru_gym_becter
D:6:      lemuel_coloured_pillars_altar, cheibrodos_ashenzari_chains,
          uniq_menkaure
Sewer:    sewer_minmay_treatment

Skill      XL: |  1  2  3  4  5  6  7  8  9 |
---------------+----------------------------+-----
Throwing       | 2 3 4 5 |  5.3
Dodging        | 3 4 5 6 7 |  7.1
Axes           | 4 5 6 7 |  7.8
Shields        | 2 4 |  4.5
Evocations     | 2 |  2.4
Fighting       | |  2.1

Action                   |  1- 3 |  4- 6 |  7- 9 || total
-------------------------+-------+-------+-------++-------
Melee: War axe           |    92 |   315 |   283 ||   690
       Tailslap          |    10 |    44 |    41 ||    95
Invok: Curse Item        |       |       |     1 ||     1
 Abil: Breathe Fire      |       |       |    11 ||    11
Evoke: Wand              |       |       |     2 ||     2
  Use: Potion            |       |     6 |     1 ||     7
       Scroll            |       |     3 |     4 ||     7
 Stab: Sleeping          |       |     1 |     2 ||     3
  Eat: Chunk             |       |     6 |     6 ||    12
       Ration            |       |     2 |     2 ||     4
Armor: Skin              |    23 |    75 |    79 ||   177
Dodge: Dodged            |    71 |   241 |   198 ||   510
Block: Buckler           |     8 |    50 |    59 ||   117

Table legend:
 A = Spawn XP
 B = Non-spawn XP
 C = Spawn XP percentage of total XP
 D = Spawn monster count
 E = Non-spawn monster count
 F = Spawn count percentage of total count
 G = Total turns spent on level
                    A         B        C        D         E        F      G
               +---------+---------+-------+---------+---------+-------+---------
         Total |       0 |    3804 |   0.0 |       0 |     207 |   0.0 |  7952
               +---------+---------+-------+---------+---------+-------+---------
           D:1 |       0 |      77 |   0.0 |       0 |      34 |   0.0 |   943
           D:2 |       0 |     166 |   0.0 |       0 |      28 |   0.0 |  1410
           D:3 |       0 |     727 |   0.0 |       0 |      43 |   0.0 |  1242
           D:4 |       0 |     849 |   0.0 |       0 |      17 |   0.0 |   979
           D:5 |       0 |     904 |   0.0 |       0 |      16 |   0.0 |  1638
           D:6 |       0 |     854 |   0.0 |       0 |      21 |   0.0 |   606
         Sewer |       0 |     227 |   0.0 |       0 |      48 |   0.0 |  1134
               +---------+---------+-------+---------+---------+-------+---------
